 Dungeon Crawl Stone Soup version 0.30.0-15-g856e2d3f33 (webtiles) character file.

Game seed: 7863176597050044230

5751 testman the Tainter (level 10, 0/76 HPs)
             Began as a Demonspawn Venom Mage on May 19, 2023.
             Was an Initiate of Gozag.
             Slain by a shadow (25 damage)
             ... on level 9 of the Dungeon.
             The game lasted 00:39:05 (8528 turns).

testman the Tainter (Demonspawn Venom Mage)         Turns: 8528, Time: 00:39:06

Health: 0/76       AC: 30    Str:  9    XL:     10   Next: 49%
Magic:  19/19      EV: 11    Int: 26    God:    Gozag
Gold:   533        SH:  4    Dex: 14    Spells: 5/21 levels left

rFire   . . .        s - +3 dagger (protect)
rCold   . . .        (no shield)
rNeg    . . .        E - +3 leather armour
rPois   .            (no helmet)
rElec   .            q - scarf {shadows}
rCorr   .            (no gloves)
SInv    .            v - +2 pair of boots
Will    .....        u - amulet of magic regeneration
Stlth   ++           p - +6 ring of intelligence
HPRegen 0.32/turn    C - +4 ring of protection
MPRegen 0.56/turn

%: no passive effects
@: gold aura, sanguine armoured, under a protective aura, slowed, very slow
A: foul stench 1, icemail 1, sanguine armour 1, condensation shield, weakness
stinger 2
a: Renounce Religion, Potion Petition, Call Merchant, Bribe Branch


You were on level 9 of the Dungeon.
You worshipped Gozag.
Gozag was pleased with you.
You visited 2 branches of the dungeon, and saw 10 of its levels.

You collected 889 gold pieces.
You spent 300 gold pieces at shops.
You paid 56 gold pieces to Gozag.

Inventory:

Hand Weapons
 s - a +3 dagger of protection (weapon)
Missiles
 j - 6 datura-tipped darts
Armour
 q - a scarf of shadows (worn)
 v - a +2 pair of boots (worn)
 E - a +3 leather armour (worn)
Jewellery
 n - a +4 ring of slaying
 p - a +6 ring of intelligence (left hand)
 u - an amulet of magic regeneration (around neck)
 C - a +4 ring of protection (right hand)
Wands
 d - a wand of mindburst (11)
 f - a wand of roots (6)
 h - a wand of paralysis (16)
 y - a wand of acid (8)
 G - a wand of flame (16)
Scrolls
 c - 2 scrolls of immolation
 g - a scroll of blinking {unknown}
 k - a scroll of magic mapping
 l - a scroll of poison
 m - a scroll of fog {unknown}
 o - a scroll of fear
 z - 2 scrolls of teleportation
 A - a scroll of enchant weapon
 F - a scroll of silence
 J - 2 scrolls of amnesia {unknown}
 K - a scroll of brand weapon {unknown}
 N - 2 scrolls of enchant armour {unknown}
Potions
 a - a potion of lignification
 b - a potion of magic
 e - a potion of mutation
 i - 2 potions of haste
 r - 3 potions of curing
 t - 2 potions of cancellation
 w - 2 potions of heal wounds
 x - 2 potions of attraction
 B - a potion of ambrosia
 I - 2 potions of berserk rage
 L - a potion of brilliance
 M - a potion of flight


   Skills:
 + Level 6.0 Fighting
 - Level 2.0 Dodging
 - Level 1.7 Stealth
 + Level 6.0 Spellcasting
 - Level 5.4 Conjurations
 + Level 3.7 Transmutations
 + Level 5.5 Ice Magic
 - Level 3.0 Air Magic
 - Level 9.1 Poison Magic


You had 5 spell levels left.
You knew the following spells:

 Your Spells              Type           Power      Damage    Failure   Level
a - Sting                 Tmut/Pois      100%       1d8       1%          1
b - Poisonous Vapours     Pois/Air       78%        N/A       1%          2
c - Mephitic Cloud        Conj/Pois/Air  38%        N/A       2%          3
d - Olgreb's Toxic Radia  Pois           53%        N/A       2%          4
e - Hailstorm             Conj/Ice       36%        3d9       3%          3
f - Ozocubu's Armour      Ice            36%        N/A       3%          3

Your spell library contained the following spells:

 Spells                   Type           Power      Damage    Failure   Level
 Magic Dart               Conj           100%       1d8       1%          1
 Momentum Strike          Conj/Tloc      42%        3d9       4%          2
 Blink                    Tloc           14%        N/A       14%         2
 Call Imp                 Summ           14%        N/A       14%         2
 Lesser Beckoning         Tloc           14%        N/A       14%         2
 Ice Form                 Ice/Tmut       31%        N/A       14%         4
 Ozocubu's Refrigeration  Ice            18%        4d11      100%        7
 Simulacrum               Ice/Necr       Unusable   N/A       N/A         6

Dungeon Overview and Level Annotations

Branches:
Dungeon (9/15)             Temple (1/1) D:5
   Lair: D:8-11         Orc: D:9-12

Altars:
Ashenzari
Cheibriados
Dithmenos
Fedhas
Gozag
Hepliaklqana
Kikubaaqudgha
Makhleb
Nemelex Xobeh
Okawaru
Qazlal
Ru
Sif Muna
Trog
Uskayaw
Vehumet
Wu Jian
Xom
Yredelemnul

Shops:
D:6 !


Innate Abilities, Weirdness & Mutations

You may rarely emit foul miasma when damaged in melee.
A meltable icy envelope protects you from harm. (AC +4)
When seriously injured, your blood forms armour. (AC +6)
A meltable shield of frost defends you. (SH +4)
You have a tail ending in a sharp stinger.


Message History

Casting: Olgreb's Toxic Radiance (dangerous; 2% risk of failure)
Confirm with . or Enter, or press ? or * to list all spells.
You begin to radiate toxic energy.
The bullfrog is poisoned.
You kill the bullfrog!
The shadow strikes at you from the darkness!
Reactivating autopickup.
The wraith hits you but does no damage.
Your Spellcasting skill increases to level 6!
You closely miss the wraith.
The wraith is severely damaged.
Your toxic aura wanes.
The shadow hits you. The wraith barely misses you. The shadow hits you.
You block the wraith's attack.
You barely miss the wraith.
The wraith is severely damaged.
The shadow hits you. The wraith hits you but does no damage.
You hit the wraith.
Your weapon exudes an aura of protection.
Your tail-slap misses the wraith.
The wraith is severely damaged.
The shadow slips into darkness.
The shadow flickers and vanishes!
Deactivating autopickup; reactivate with Ctrl-A.
The wraith hits you but does no damage.
The shadow strikes at you from the darkness!
Reactivating autopickup.
You block the wraith's attack.
You hit the wraith but do no damage.
The wraith is severely damaged.
The shadow slips into darkness.
The shadow flickers and vanishes!
Deactivating autopickup; reactivate with Ctrl-A.
The wraith hits you but does no damage.
You closely miss the wraith.
The wraith is severely damaged.
The shadow strikes at you from the darkness!
The wraith misses you.
The shadow strikes at you from the darkness!
You die...
Your body crumbles into a pile of gold.

#.# ###..
###.
...#.#.#...#.
...$....#...
.$$#..$.#.
#{W......
#$@$.....
#.$$.....
#....$...
#........
#.~~.....
#........
#........
#........
........


You could see a wraith.

Vanquished Creatures
  A two-headed ogre (D:8)
  Maurice (D:8)
  A troll (D:9)
  Grinder (D:3)
  4 wyverns
  4 yaks (D:9)
  Edmund (D:5)
  Duvessa (D:5)
  3 orc warriors
  2 sky beasts
  2 ice beasts
  A black bear (D:7)
  2 ogres
  A centaur (D:7)
  2 phantoms
  A kobold brigand (D:7)
  A scorpion (D:5)
  4 bullfrogs
  A gnoll sergeant (D:7)
  11 wights
  Dowan (D:5)
  3 killer bees (D:6)
  A howler monkey (D:9)
  2 jellies
  A hound (D:4)
  3 orc priests (D:7)
  A sleepcap (D:7)
  2 iguanas (D:5)
  5 orc wizards
  Natasha (thrice) (D:3)
  7 gnolls
  7 adders
  4 shadow imps
  A white imp (D:8)
  2 worms
  2 dart slugs (D:2)
  12 orcs
  5 ball pythons
  6 bats
  4 endoplasms
  3 giant cockroaches
  8 goblins
  9 hobgoblins
  4 jackals (D:1)
  2 frilled lizards
  16 kobolds
  4 rats
163 creatures vanquished.

Notes
Turn   | Place    | Note
-------+----------+-------------------------------------------
     0 | D:1      | testman the Demonspawn Venom Mage began the quest for the
                  | Orb.
     0 | D:1      | Reached XP level 1. HP: 13/13 MP: 3/3
    15 | D:1      | Reached skill level 1 in Transmutations
   142 | D:1      | Reached skill level 1 in Air Magic
   193 | D:1      | Gained mutation: You have a small tail. [demonic ancestry]
   193 | D:1      | Reached XP level 2. HP: 19/19 MP: 3/5
   496 | D:1      | Learned a level 2 spell: Poisonous Vapours
   695 | D:1      | Reached XP level 3. HP: 24/24 MP: 4/6
  1453 | D:2      | Reached skill level 1 in Conjurations
  1818 | D:2      | Gained mutation: When seriously injured, your blood forms
                  | armour. (AC +6) [demonic ancestry]
  1818 | D:2      | Reached XP level 4. HP: 30/30 MP: 5/7
  1822 | D:2      | Learned a level 3 spell: Mephitic Cloud
  2501 | D:3      | Noticed Natasha
  2503 | D:3      | Gained mutation: A meltable shield of frost defends you.
                  | (SH +4) [demonic ancestry]
  2503 | D:3      | Reached XP level 5. HP: 35/35 MP: 3/8
  2512 | D:3      | Killed Natasha
  2597 | D:3      | Noticed Grinder
  2613 | D:3      | Paralysed by Grinder for 2 turns
  2658 | D:3      | Killed Grinder
  2659 | D:3      | Reached skill level 5 in Conjurations
  2659 | D:3      | Reached XP level 6. HP: 7/41 MP: 1/9
  2704 | D:3      | Noticed Natasha
  2715 | D:3      | HP: 1/41 [cerulean imp/+0 spear[Natasha] (2)]
  2716 | D:3      | Killed Natasha
  2953 | D:3      | Noticed Natasha
  2965 | D:3      | Killed Natasha
  3653 | D:4      | Reached skill level 4 in Poison Magic
  3653 | D:4      | Reached XP level 7. HP: 42/46 MP: 10/10
  3658 | D:4      | Learned a level 4 spell: Olgreb's Toxic Radiance
  4070 | D:5      | Entered Level 5 of the Dungeon
  4113 | D:5      | Reached skill level 5 in Poison Magic
  4287 | D:5      | Found a staircase to the Ecumenical Temple.
  4303 | Temple   | Entered the Ecumenical Temple
  4560 | Temple   | Became a worshipper of Ru the Awakened
  4678 | D:5      | Found a shimmering blue altar of Sif Muna.
  4681 | D:5      | Found a burning altar of Makhleb.
  4687 | D:5      | Noticed Edmund
  4704 | D:5      | Killed Edmund
  4705 | D:5      | Reached skill level 6 in Poison Magic
  4920 | D:5      | Reached skill level 7 in Poison Magic
  4923 | D:5      | Gained mutation: You may rarely emit foul miasma when
                  | damaged in melee. [demonic ancestry]
  4923 | D:5      | Reached XP level 8. HP: 52/52 MP: 9/11
  4972 | D:5      | Noticed Duvessa
  4992 | D:5      | Killed Duvessa
  4992 | D:5      | Noticed Dowan
  5000 | D:5      | Killed Dowan
  5086 | D:5      | Found an opulent altar of Gozag.
  5086 | D:5      | Found a sparkling altar of Nemelex Xobeh.
  5099 | D:5      | Fell from the grace of Ru
  5099 | D:5      | Became a worshipper of Gozag Ym Sagoz the Greedy
  5370 | D:6      | Reached skill level 8 in Poison Magic
  5726 | D:6      | Reached skill level 9 in Poison Magic
  6037 | D:6      | Found Inibrum's Distillery.
  6044 | D:6      | Bought a potion of brilliance for 60 gold pieces
  6044 | D:6      | Bought a potion of curing for 45 gold pieces
  6044 | D:6      | Bought a potion of haste for 150 gold pieces
  6044 | D:6      | Bought a potion of flight for 45 gold pieces
  6337 | D:7      | Reached skill level 1 in Fighting
  6337 | D:7      | Reached skill level 1 in Ice Magic
  6554 | D:7      | Gained mutation: You have a tail ending in a sharp stinger.
                  | [demonic ancestry]
  6554 | D:7      | Reached XP level 9. HP: 44/61 MP: 2/13
  6866 | D:6      | Learned a level 3 spell: Hailstorm
  7560 | D:8      | Learned a level 3 spell: Ozocubu's Armour
  8068 | D:8      | Found a stormy altar of Qazlal.
  8070 | D:8      | Found a radiant altar of Vehumet.
  8070 | D:8      | Noticed a two-headed ogre
  8070 | D:8      | Noticed Maurice
  8071 | D:8      | Found a hazy altar of Hepliaklqana.
  8081 | D:8      | Paralysed by Maurice for 2 turns
  8085 | D:8      | Killed Maurice
  8086 | D:8      | Reached skill level 5 in Fighting
  8086 | D:8      | Reached skill level 5 in Spellcasting
  8088 | D:8      | Killed a two-headed ogre
  8089 | D:8      | Gained mutation: A meltable icy envelope protects you from
                  | harm. (AC +4) [demonic ancestry]
  8089 | D:8      | Reached XP level 10. HP: 54/74 MP: 3/18
  8471 | D:9      | Reached skill level 5 in Ice Magic
  8528 | D:9      | Slain by a shadow

Illustrated notes

Levels and vault maps discovered:
D:1:      dpeg_arrival_brainrot, layout_loops_ring
D:2:      layout_basic, minmay_pentomino_t2
D:3:      layout_basic, uniq_natasha, uniq_grinder
D:4:      layout_basic
D:5:      layout_loops_ring, nicolae_overflow_hidden_temple,
          grunt_temple_overflow_opulence, temple_hall,
          kennysheep_generic_room_4, uniq_duvessa, uniq_edmund
D:6:      layout_basic, serial_shops, nicolae_shop_peninsula
D:7:      layout_basic
D:8:      layout_basic, grunt_temple_overflow_open, uniq_maurice
D:9:      layout_basic, lair_entry_dummy, minmay_fractal_squares_diagonal_5,
          uniq_erica
Temple:   compressed_dpeg_triangle_lava_temple

Skill      XL: |  1  2  3  4  5  6  7  8  9 10 |
---------------+-------------------------------+-----
Transmutations | 1 2 3 |  3.7
Air Magic      | 1 2 3 |  3.0
Conjurations   | 1 3 5 |  5.4
Dodging        | 2 |  2.0
Poison Magic   | 4 7 9 |  9.1
Fighting       | 2 5 6 |  6.0
Ice Magic      | 2 4 5 |  5.5
Spellcasting   | 3 5 6 |  6.0
Stealth        | |  1.7

Action                     |  1- 3 |  4- 6 |  7- 9 | 10-12 || total
---------------------------+-------+-------+-------+-------++-------
  Melee: Unarmed           |    11 |       |       |       ||    11
         Club              |     2 |       |       |       ||     2
         Dagger            |    55 |   112 |   341 |    65 ||   573
         Tailslap          |     9 |    15 |    63 |    11 ||    98
         Whip              |     1 |       |       |       ||     1
         Punch             |       |     4 |     4 |       ||     8
   Cast: Sting             |    49 |    51 |    92 |       ||   192
         Poisonous Vapours |     2 |    11 |     1 |       ||    14
         Mephitic Cloud    |       |       |    11 |     2 ||    13
         Olgreb's Toxic Ra |       |       |     9 |     8 ||    17
         Hailstorm         |       |       |    10 |     2 ||    12
         Ozocubu's Armour  |       |       |       |     1 ||     1
    Use: Scroll            |       |       |    13 |     1 ||    14
         Potion            |       |       |       |     1 ||     1
   Stab: Sleeping          |     2 |     1 |     3 |       ||     6
         Confused          |       |       |     2 |     1 ||     3
         Distracted        |       |       |     1 |       ||     1
 Armour: Robe              |    22 |    42 |    14 |       ||    78
         Leather armour    |       |       |   127 |    88 ||   215
  Dodge: Dodged            |    67 |    68 |   176 |    44 ||   355
  Block: Other             |       |    17 |    53 |    19 ||    89
